 Dungeon Crawl Stone Soup version 0.30-a0-782-ge64f9170bb (webtiles) character file.

Game seed: 18104441255072083316

750 Dartaoz the Skirmisher (level 7, -8/40 HPs)
             Began as a Deep Elf Hunter on Feb 19, 2023.
             Was an Initiate of Hepliaklqana.
             Mangled by an orc warrior
             ... wielding a +0 war axe
              (17 damage)
             ... on level 5 of the Dungeon.
             The game lasted 00:09:30 (3949 turns).

Dartaoz the Skirmisher (Deep Elf Hunter)            Turns: 3949, Time: 00:09:30

Health: -8/40      AC:  5    Str:  8    XL:     7   Next: 48%
Magic:  11/11      EV: 14    Int: 14    God:    Hepliaklqana [......]
Gold:   174        SH:  0    Dex: 20    Spells: 9/9 levels left

rFire   . . .      SeeInvis .    a - +0 shortbow
rCold   . . .      Faith    .    (shield currently unavailable)
rNeg    . . .      Spirit   .    c - +0 leather armour
rPois   .          Reflect  .    s - +0 helmet
rElec   .          Harm     .    (no cloak)
rCorr   .          Rampage  .    x - +0 pair of gloves
Will    .....                    (no boots)
Stlth   +++                      (no amulet)
HPRegen 0.26/turn                (no ring)
MPRegen 0.12/turn                (no ring)

@: about to teleport
A: no striking features
a: Renounce Religion


You were on level 5 of the Dungeon.
You worshipped Hepliaklqana.
Hepliaklqana was noncommittal.
You visited 2 branches of the dungeon, and saw 6 of its levels.

You collected 174 gold pieces.

Inventory:

Hand Weapons
 a - a +0 shortbow (weapon)
Missiles
 p - a throwing net
Armour
 c - a +0 leather armour (worn)
 s - a +0 helmet (worn)
 x - a +0 pair of gloves (worn)
Scrolls
 b - a scroll of immolation
 d - 2 scrolls of summoning {unknown}
 g - 7 scrolls of identify {unknown}
 i - 3 scrolls of enchant weapon {unknown}
 j - a scroll of vulnerability {unknown}
 o - 3 scrolls of blinking {unknown}
 q - a scroll of silence {unknown}
 t - 3 scrolls of fog {unknown}
 u - 3 scrolls of teleportation
Potions
 e - a potion of haste
 f - a potion of berserk rage {unknown}
 h - 2 potions of brilliance {unknown}
 k - a potion of heal wounds
 l - a potion of curing
 m - 3 potions of invisibility {unknown}
 n - a potion of attraction {unknown}
 r - 2 potions of lignification {unknown}
 v - a potion of magic {unknown}
 w - 2 potions of flight {unknown}
 z - 2 potions of degeneration {unknown}


   Skills:
 + Level 2.9 Fighting
 + Level 9.5 Ranged Weapons
 + Level 4.3 Dodging
 + Level 4.1 Stealth
 + Level 1.6 Spellcasting
 + Level 1.5 Hexes


You had 9 spell levels left.
You didn't know any spells.
Your spell library contained the following spells:

 Spells                   Type           Power      Damage    Failure   Level
 Slow                     Hex            20%        N/A       19%         1
 Kiss of Death            Conj/Necr      4%         2d5       36%         1
 Necrotise                Necr           4%         1d4       36%         1
 Sandblast                Erth           2%         2d4       36%         1
 Passwall                 Tmut/Erth      0%         N/A       50%         2
 Confusing Touch          Hex            5%         N/A       50%         3
 Stone Arrow              Conj/Erth      2%         3d7       73%         3
 Vampiric Draining        Necr           1%         2d6       73%         3
 Dispel Undead            Necr           1%         3d6       98%         4
 Agony                    Necr           1%         N/A       100%        5


Dungeon Overview and Level Annotations

Branches:
Dungeon (5/15)             Temple (1/1) D:4

Altars:
Ashenzari
Cheibriados
Dithmenos
Elyvilon
Fedhas
Gozag
Hepliaklqana
Kikubaaqudgha
Makhleb
Nemelex Xobeh
Okawaru
Qazlal
Ru
Trog
Uskayaw
Vehumet
Wu Jian
Xom
Yredelemnul
Zin
The Shining One

Shops:
D:1 [   D:2 ((*[


Message History

The hound is heavily wounded.
You feel sick. The hound closely misses you. The hound barely misses you.
You shoot an arrow. The arrow hits the hound!
You kill the hound!
You feel sick.
The orc warrior unwields a +0 war axe.
The orc warrior wields a +0 arbalest.
The orc warrior shoots a bolt.
The bolt hits you!
You are too injured to fight recklessly!
You are too injured to fight recklessly!
You feel much better.
You feel sick.
You shoot an arrow. The arrow hits the orc warrior.
The orc warrior is lightly wounded.
You feel sick.
The orc warrior unwields a +0 arbalest.
The orc warrior wields a +0 war axe.
The orc warrior barely misses you.
You shoot an arrow.
The arrow hits the orc warrior but does no damage.
The orc warrior is lightly wounded.
You feel sick.
You shoot an arrow. The arrow hits the orc warrior.
The orc warrior is lightly wounded.
You feel sick.
You hear a howl!
The orc warrior hits you with a +0 war axe.
The orc warrior hits you with a +0 war axe!
You shoot an arrow.
The arrow closely misses the orc warrior.
You feel sick.
You are no longer poisoned.
You hear a howl!
The orc warrior hits you with a +0 war axe.
* * * LOW HITPOINT WARNING * * *
You shoot an arrow. The arrow hits the orc warrior!
The orc warrior is heavily wounded.
A howler monkey comes into view.
The orc warrior closely misses you.
Okay, then.
As you read the scroll labelled CAIGAR VERHERR, it crumbles to dust.
You feel strangely unstable.
It was a scroll of teleportation.
The orc warrior hits you with a +0 war axe!
You die...

........#...........##.........
.########...#..################
...........#...#....
..#######......#.... ..#
#......#... ..# #.#.##.#..# .
..#######.#.####.. ..
..##...........#.# .#
.###.......###.#@# ..# ##
#....#......#o# .. #
#......###.##h###.####.
######.# #.##.......... ####
#.# #............# ...# #.#
####[......### ..<# #.#
#....#### ♣~.# #.# #.####
~~.######.# #..


You could see an orc warrior and a howler monkey (wandering).

Vanquished Creatures
  A phantom (D:4)
  A bullfrog (D:4)
  2 necrophages (D:4)
  A killer bee (D:5)
  2 hounds
  A jelly (D:4)
  3 iguanas
  10 gnolls
  10 adders
  A white imp (D:5)
  2 ufetubi
  A worm (D:2)
  3 dart slugs
  5 orcs (D:3)
  An endoplasm (D:4)
  3 giant cockroaches
  8 goblins
  4 hobgoblins
  12 kobolds
  A quokka (D:5)
  3 ball pythons
  3 bats
  4 frilled lizards
  7 rats
89 creatures vanquished.

Vanquished Creatures (others)
  A plant (D:2)
1 creature vanquished.

Grand Total: 90 creatures vanquished

Notes
Turn   | Place    | Note
-------+----------+-------------------------------------------
     0 | D:1      | Dartaoz the Deep Elf Hunter began the quest for the Orb.
     0 | D:1      | Reached XP level 1. HP: 12/12 MP: 3/3
    95 | D:1      | Reached XP level 2. HP: 16/16 MP: 4/4
   209 | D:1      | Reached skill level 6 in Ranged Weapons
   241 | D:1      | Found Caloe's Armour Shop.
   424 | D:2      | Found Zeenn's Armour Emporium.
   527 | D:2      | Reached XP level 3. HP: 13/20 MP: 5/5
   598 | D:2      | Found Donkid's Assorted Antiques.
   611 | D:2      | Reached skill level 7 in Ranged Weapons
   718 | D:2      | Found Gadoapi's Weapon Shoppe.
   780 | D:2      | Reached XP level 4. HP: 13/25 MP: 6/6
   900 | D:2      | Found Vecw's Antique Weapon Emporium.
  1092 | D:3      | Reached skill level 8 in Ranged Weapons
  1294 | D:3      | Reached XP level 5. HP: 29/29 MP: 7/7
  2021 | D:4      | Noticed a phantom
  2066 | D:4      | Killed a phantom
  2193 | D:4      | Reached skill level 9 in Ranged Weapons
  2193 | D:4      | Reached XP level 6. HP: 35/35 MP: 8/8
  2780 | D:4      | Reached XP level 7. HP: 40/40 MP: 9/9
  2984 | D:4      | Found a staircase to the Ecumenical Temple.
  2993 | Temple   | Entered the Ecumenical Temple
  3332 | Temple   | Became a worshipper of Hepliaklqana the Forgotten
  3596 | D:5      | Entered Level 5 of the Dungeon
  3801 | D:5      | Reached skill level 1 in Spellcasting
  3804 | D:5      | Reached skill level 1 in Hexes
  3949 | D:5      | Mangled by an orc warrior

Illustrated notes

Levels and vault maps discovered:
D:1:      minmay_arrival_stair_chambers, layout_rooms, serial_shops, shop
D:2:      layout_rooms, serial_shops, nicolae_shop_crystal,
          nicolae_shop_hallway_plus, shop, nicolae_shop_overgrown_old_shop,
          minmay_tetromino_i4
D:3:      layout_loops_corners, kennysheep_cross_room
D:4:      layout_loops_corners, minmay_temple_entry_enclosed_plants,
          minivault_27
D:5:      minmay_recursive_quarters, layout_rooms, abandoned_shop,
          serial_bayou_pond_d
Temple:   mainiacjoe_temple_starburst

Skill      XL: |  1  2  3  4  5  6  7 |
---------------+----------------------+-----
Ranged Weapons | 6 7 8 9 |  9.5
Stealth        | 2 3 4 |  4.1
Fighting       | 2 |  2.9
Dodging        | 3 4 |  4.3
Spellcasting   | 1 |  1.6
Hexes          | 1 |  1.5

Action                     |  1- 3 |  4- 6 |  7- 9 || total
---------------------------+-------+-------+-------++-------
   Fire: Shortbow          |    75 |   141 |    70 ||   286
    Use: Potion            |     1 |     1 |     2 ||     4
         Scroll            |       |       |     1 ||     1
 Armour: Leather armour    |     6 |     9 |     8 ||    23
  Dodge: Dodged            |    10 |    28 |    25 ||    63

Table legend: (Time is in decaauts)
 A = Elapsed time spent in this place.
 B = Non-inter-level travel time spent in this place.
 C = Inter-level travel time spent in this place.
 D = Time resting spent in this place.
 E = Time spent auto-exploring this place.
 F = Levels seen in this place.
 G = Mean time per level.
                   A        B        C        D        E       F      G
               +--------+--------+--------+--------+--------+-----+--------+
         Total |   3969 |   3844 |    125 |      0 |   3282 |   6 |  661.5 |
       Dungeon |   3577 |   3504 |     73 |      0 |   2959 |   5 |  715.4 |
        Temple |    392 |    340 |     52 |      0 |    323 |   1 |  392.0 |
               +--------+--------+--------+--------+--------+-----+--------+

Top non-repeatable levels by time:
     D:4: 1170 daAuts
     D:3: 979 daAuts
     D:2: 653 daAuts
     D:1: 417 daAuts
  Temple: 392 daAuts
     D:5: 356 daAuts
